 Dungeon Crawl Stone Soup version 0.28.0 (webtiles) character file.

Game seed: 16041637460510681553

20559 HallandMoats the Warmonger (level 12, -9/99 HPs)
             Began as a Demonspawn Monk on Feb 6, 2022.
             Was a High Priest of Okawaru.
             Engulfed by a cloud of flame (19 damage)
             ... on level 12 of the Dungeon.
             The game lasted 00:19:38 (15862 turns).

HallandMoats the Warmonger (Demonspawn Monk)       Turns: 15862, Time: 00:19:39

Health: -9/99      AC: 15    Str: 17    XL:     12   Next: 46%
Magic:  0/21       EV: 15    Int: 12    God:    Okawaru [*****.]
Gold:   605        SH:  0    Dex: 15    Spells: 11/11 levels left

rFire   . . .      SeeInvis .   a - +8 falchion of the Howling Stork {vorpal, rPois rC+}
rCold   + . .      Faith    .   (no shield)
rNeg    . . .      Spirit   +   D - +0 steam dragon scales
rPois   +          Reflect  .   t - +0 helmet
rElec   +          Harm     .   H - scarf {repulsion}
rCorr   .          Rampage  .   (no gloves)
Will    .....                   (no boots)
Stlth   ++........              g - amulet of guardian spirit
HPRegen 0.26/turn               f - ring of poison resistance
MPRegen 0.17/turn               d - +4 ring of protection

@: finesse-ful, studying Long Blades, repel missiles
A: claws 1, thin metallic scales 3, icemail 1, condensation shield, demonic
magic 1
a: Renounce Religion, Heroism, Finesse, Duel


You were on level 12 of the Dungeon.
You worshipped Okawaru.
Okawaru was extremely pleased with you.
You visited 2 branches of the dungeon, and saw 13 of its levels.
You also visited: Sewer.

You collected 749 gold pieces.
You spent 144 gold pieces at shops.

Inventory:

Hand Weapons
 a - the +8 falchion of the Howling Stork (weapon) {vorpal, rPois rC+}
   (You found it on level 5 of the Dungeon)

   It inflicts extra damage upon your enemies.
   rC:        It protects you from cold.
   rPois:     It protects you from poison.
Armour
 r - +0 acid dragon scales
 t - a +0 helmet (worn)
 D - +0 steam dragon scales (worn)
 G - the +1 robe of Grand Beauty {Harm +Inv rElec Dex+3}
   (You found it on level 7 of the Dungeon)

   Dex:       It affects your dexterity (+3).
   rElec:     It insulates you from electricity.
   +Inv:      It lets you turn invisible.
   Harm:      It increases damage dealt and taken.
 H - a scarf of repulsion (worn)
Jewellery
 d - a +4 ring of protection (right claw)
 f - a ring of poison resistance (left claw)
 g - an amulet of guardian spirit (around neck)
 l - a ring of willpower
 q - a ring of wizardry
 J - a +6 ring of strength
 N - a ring of fire
 O - an amulet of faith
Wands
 i - a wand of flame (30)
 k - a wand of paralysis (7)
 E - a wand of digging (3)
 F - a wand of iceblast (12)
 I - a wand of mindburst (5)
 K - a wand of acid (3)
 M - a wand of polymorph (8)
Scrolls
 h - 4 scrolls of teleportation
 m - 2 scrolls of torment {unknown}
 p - 7 scrolls of identify {unknown}
 s - a scroll of noise {unknown}
 v - 3 scrolls of blinking
 x - 2 scrolls of fog {unknown}
 y - a scroll of amnesia {unknown}
 B - 2 scrolls of fear {unknown}
 C - a scroll of immolation {unknown}
 L - a scroll of enchant weapon
Potions
 b - 6 potions of curing
 c - 3 potions of brilliance {unknown}
 e - 3 potions of mutation {unknown}
 j - 3 potions of lignification {unknown}
 o - 2 potions of resistance {unknown}
 u - 2 potions of attraction {unknown}
 w - 3 potions of haste {unknown}
 z - 3 potions of flight
 A - 2 potions of degeneration {unknown}


   Skills:
 * Level 10.6 Fighting
 * Level 10.6 Long Blades
 + Level 6.4 Armour
 + Level 7.2 Dodging
 - Level 1.7 Stealth
 + Level 8.1 Unarmed Combat
 * Level 13.0 Invocations


You had 11 spell levels left.
You didn't know any spells.
Your spell library contained the following spells:

 Spells                   Type           Power      Damage    Failure   Level
 Apportation              Tloc           0%         N/A       32%         1
 Pain                     Necr           0%         1d4       32%         1
 Ensorcelled Hibernation  Hex/Ice        0%         N/A       45%         2
 Passwall                 Tmut/Erth      0%         N/A       45%         2
 Ozocubu's Armour         Ice            0%         N/A       69%         3
 Swiftness                Air            0%         N/A       69%         3
 Vampiric Draining        Necr           0%         2d6       69%         3
 Metabolic Englaciation   Hex/Ice        0%         N/A       100%        5
 Animate Skeleton         Necr           Unusable   N/A       N/A         1
 Summon Small Mammal      Summ           Unusable   N/A       N/A         1
 Animate Dead             Necr           Unusable   N/A       N/A         4
 Simulacrum               Ice/Necr       Unusable   N/A       N/A         6
 Haunt                    Necr/Summ      Unusable   N/A       N/A         7
 Infestation              Necr           Unusable   N/A       N/A         8

Dungeon Overview and Level Annotations

Branches:
Dungeon (12/15)            Temple (1/1) D:7            Lair (0/6) D:10
    Orc (0/2) D:10          Sewer (visited)

Altars:
Ashenzari
Cheibriados
Dithmenos
Elyvilon
Fedhas
Gozag
Hepliaklqana
Kikubaaqudgha
Makhleb
Nemelex Xobeh
Okawaru
Qazlal
Ru
Sif Muna
Trog
Uskayaw
Vehumet
Wu Jian
Xom
Yredelemnul
Zin
The Shining One

Shops:
D:1 :   D:7 *

Annotations:
D:4 2 transporters, Edmund; HallandMoats's ghost, amateur DsMo
D:12 1 runed translucent door, delverdan's ghost, journeyman HOFi


Innate Abilities, Weirdness & Mutations

You have sharp fingernails.
You are completely covered in thin metallic scales. (AC +4, rElec)
A meltable icy envelope protects you from harm. (AC +0)
A meltable shield of frost defends you. (SH +0)
Spells you cast may paralyse adjacent enemies.


Message History

The fire crab bites you.
* * * LOW HITPOINT WARNING * * *
You are engulfed in flames!
* * * LOW HITPOINT WARNING * * *
The fire crab claws you but does no damage.
You feel much better.
You are engulfed in blazing flames.
* * * LOW HITPOINT WARNING * * *
The fire crab bites you.
* * * LOW HITPOINT WARNING * * *
You are engulfed in flames!
* * * LOW HITPOINT WARNING * * *
The fire crab barely misses you.
You feel much better.
You are engulfed in blazing flames.
* * * LOW HITPOINT WARNING * * *
The fire crab bites you but does no damage.
The fire crab closely misses you.
You hit the fire crab.
The fire crab is heavily wounded.
You hit the fire crab.
The fire crab is heavily wounded.
The fire crab bites you but does no damage.
The fire crab claws you but does no damage.
You hit the fire crab.
The fire crab is severely wounded.
You slash the fire crab!
The fire crab is almost dead.
The fire crab breathes flames at you.
The blast of flame engulfs you but does no damage.
You slash the fire crab!
You kill the fire crab!
Okawaru accepts your kill.
You are engulfed in blazing flames.
* * * LOW HITPOINT WARNING * * *
Your Invocations skill increases to level 13!
You swing at nothing.
You are engulfed in blazing flames.
* * * LOW HITPOINT WARNING * * *
You swing at nothing.
You are engulfed in blazing flames.
* * * LOW HITPOINT WARNING * * *
You are engulfed in blazing flames.
You die...

#.....###.#)#..##.#
#.....##.##.#####)#
#.....##.###..##.##
#......##.####..##
#.......##[†##### #
#........###'### #
########.# #°#°# ## #
#.# #°#°#...#
#.#..#@°°..#
#.#.#°#°#°..# #.#.#°
°# ## #######
##.######## ####
[....?####.........##
##...
#####......######..)##
##..#. ########
###....#######.....
#..........).......
#.......#####.####.


There were no monsters in sight!

Vanquished Creatures
  A boulder beetle (D:12)
  3 hydras
  A centaur warrior (D:8)
  3 two-headed ogres
  A tengu warrior (D:12)
  A fire crab (D:12)
  An orc knight (D:12)
  2 ugly things
  4 cyclopes
  A manticore (D:12)
  A centaur zombie (D:10)
  A gargoyle (D:12)
  An unseen horror (D:11)
  A kobold demonologist (D:12)
  4 trolls (D:12)
  A hornet (D:9)
  A slime creature (D:12)
  A vampire (D:12)
  A shadow (D:9)
  4 wyverns
  A wraith (D:12)
  10 yaks
  A basilisk (D:10)
  3 steam dragons
  9 vampire mosquitoes
  Menkaure (D:5)
  A warg (D:10)
  2 acid dragons
  5 water moccasins
  A hornet zombie (D:5)
  5 orc warriors
  2 sky beasts
  2 ice beasts
  6 centaurs
  A necrophage (D:7)
  8 kobold brigands
  2 gnoll sergeants
  4 scorpions
  11 killer bees
  3 howler monkeys (D:7)
  An electric eel (D:9)
  2 jellies
  2 hounds
  A gnoll shaman (D:8)
  2 bullfrog skeletons (D:5)
  A centaur skeleton (D:6)
  4 iguanas
  16 orc wizards
  3 hound skeletons
  15 gnolls
  2 river rats (Sewer)
  7 adders
  A shadow imp (D:8)
  3 ufetubi
  An adder skeleton (D:4)
  6 worms
  6 dart slugs
  32 orcs
  11 endoplasms
  5 giant cockroaches
  8 goblins
  5 hobgoblins
  5 jackals
  2 quokkas
  9 ball pythons
  8 bats
  5 frilled lizards
  30 kobolds
  9 rats
314 creatures vanquished.

Vanquished Creatures (others)
  A centaur zombie (D:10)
  A howler monkey zombie (D:10)
  A kobold (D:10)
  5 bushes (D:10)
  A fungus (D:10)
  10 plants
19 creatures vanquished.

Grand Total: 333 creatures vanquished

Notes
Turn   | Place    | Note
-------+----------+-------------------------------------------
     0 | D:1      | HallandMoats the Demonspawn Monk began the quest for the
                  | Orb.
     0 | D:1      | Reached XP level 1. HP: 18/18 MP: 1/1
   199 | D:1      | Reached skill level 1 in Invocations
   199 | D:1      | Gained mutation: You have sharp fingernails. [demonic
                  | ancestry]
   199 | D:1      | Reached XP level 2. HP: 24/24 MP: 2/2
   259 | D:1      | Found a faded altar of an unknown god.
   384 | D:1      | Found Ihatos's Book Shoppe.
  1061 | D:1      | Gained mutation: A meltable shield of frost defends you.
                  | (SH +0) [demonic ancestry]
  1061 | D:1      | Reached XP level 3. HP: 29/29 MP: 4/4
  1172 | D:1      | Reached skill level 2 in Invocations
  1859 | D:2      | Reached skill level 1 in Armour
  1859 | D:2      | Reached XP level 4. HP: 33/35 MP: 5/5
  2767 | D:3      | Reached skill level 3 in Invocations
  2796 | D:3      | Identified the +6 battleaxe of War {vorpal, *Slow rCorr
                  | Dex+2}
  2955 | D:3      | Gained mutation: A meltable icy envelope protects you from
                  | harm. (AC +0) [demonic ancestry]
  2955 | D:3      | Reached XP level 5. HP: 15/42 MP: 3/7
  4020 | D:4      | Found a transporter.
  4033 | D:4      | Noticed HallandMoats's ghost (amateur DsMo)
  4033 | D:4      | Noticed a hornet
  4275 | D:4      | Noticed Edmund
  4329 | D:4      | Noticed a sky beast
  4371 | D:4      | Killed a sky beast
  4372 | D:4      | Reached skill level 4 in Invocations
  4372 | D:4      | Reached XP level 6. HP: 16/48 MP: 2/9
  4811 | D:4      | Found a transporter.
  5308 | D:5      | Entered Level 5 of the Dungeon
  5438 | D:5      | Noticed Menkaure
  5443 | D:5      | Identified the +8 falchion of the Howling Stork {vorpal,
                  | rPois rC+}
  5449 | D:5      | Killed Menkaure
  5450 | D:5      | Gained mutation: You are partially covered in thin metallic
                  | scales. (AC +2) [demonic ancestry]
  5450 | D:5      | Reached XP level 7. HP: 55/55 MP: 10/10
  5483 | D:5      | Reached skill level 5 in Invocations
  5696 | D:5      | Reached skill level 5 in Fighting
  6274 | D:6      | Found a glowing drain.
  6317 | Sewer    | Entered a sewer
  6487 | D:6      | Noticed a steam dragon
  6495 | D:6      | Killed a steam dragon
  6496 | D:6      | Reached skill level 5 in Unarmed Combat
  6496 | D:6      | Reached skill level 6 in Invocations
  6496 | D:6      | Gained mutation: You are mostly covered in thin metallic
                  | scales. (AC +3) [demonic ancestry]
  6496 | D:6      | Reached XP level 8. HP: 31/63 MP: 3/12
  7008 | D:6      | Found a hide-covered altar of Uskayaw.
  7193 | D:6      | Reached skill level 7 in Invocations
  7280 | D:7      | Found a staircase to the Ecumenical Temple.
  7289 | Temple   | Entered the Ecumenical Temple
  7544 | Temple   | Became a worshipper of Warmaster Okawaru
  7544 | Temple   | Reached * piety under Okawaru
  7544 | Temple   | Reached ** piety under Okawaru
  7802 | D:7      | Reached skill level 1 in Long Blades
  7802 | D:7      | Gained mutation: You are completely covered in thin
                  | metallic scales. (AC +4, rElec) [demonic ancestry]
  7802 | D:7      | Reached XP level 9. HP: 69/71 MP: 11/14
  7855 | D:7      | Identified the +1 robe of Grand Beauty {Harm +Inv rElec
                  | Dex+3}
  8157 | D:7      | Found Syisapeipu's Neck Hole.
  8165 | D:7      | Bought a scarf of repulsion for 144 gold pieces
  8293 | D:8      | Reached skill level 8 in Invocations
  8492 | D:8      | Reached *** piety under Okawaru
  8602 | D:8      | Reached skill level 5 in Dodging
  9295 | D:8      | Noticed a centaur warrior
  9309 | D:8      | Killed a centaur warrior
  9310 | D:8      | Reached skill level 9 in Invocations
  9463 | D:8      | Reached XP level 10. HP: 78/80 MP: 16/16
  9653 | D:8      | Reached skill level 5 in Long Blades
  9751 | D:9      | Reached **** piety under Okawaru
 10558 | D:9      | Reached skill level 10 in Invocations
 10814 | D:10     | Entered Level 10 of the Dungeon
 10843 | D:10     | Found a staircase to the Lair.
 10891 | D:10     | Reached ***** piety under Okawaru
 10925 | D:10     | Reached skill level 5 in Armour
 10954 | D:10     | Received a gift from Okawaru
 10971 | D:10     | Gained mutation: Spells you cast may paralyse adjacent
                  | enemies. [demonic ancestry]
 10971 | D:10     | Reached XP level 11. HP: 20/87 MP: 7/19
 11016 | D:10     | Received a gift from Okawaru
 11367 | D:10     | Found a staircase to the Orcish Mines.
 11796 | D:11     | Reached skill level 11 in Invocations
 11797 | D:11     | Noticed a four-headed hydra
 11895 | D:11     | Noticed a brown ugly thing
 11920 | D:11     | Killed a brown ugly thing
 12187 | D:11     | Noticed a two-headed ogre
 12199 | D:11     | Killed a two-headed ogre
 12945 | D:11     | Killed a five-headed hydra
 13231 | D:11     | Noticed a two-headed ogre
 13242 | D:11     | Killed a two-headed ogre
 13381 | D:12     | Noticed a seven-headed hydra
 13811 | D:12     | Noticed an eight-headed hydra
 13822 | D:12     | Killed an eight-headed hydra
 14263 | D:12     | Killed a seven-headed hydra
 14264 | D:12     | Reached skill level 12 in Invocations
 14351 | D:12     | Found a runed translucent door.
 14353 | D:12     | Noticed delverdan's ghost (journeyman HOFi)
 14423 | D:12     | Reached skill level 10 in Fighting
 14512 | D:12     | Noticed a tengu warrior
 14513 | D:12     | Noticed an orc knight
 14514 | D:12     | Noticed a boulder beetle
 14570 | D:12     | Killed a tengu warrior
 14570 | D:12     | Identified the +5 great sword "Wotott" {antimagic, rElec
                  | rF- rCorr} (Okawaru gifted it to you on level 12 of the
                  | Dungeon)
 14570 | D:12     | Received a gift from Okawaru
 14571 | D:12     | Reached XP level 12. HP: 66/97 MP: 9/21
 14811 | D:12     | Killed a boulder beetle
 14926 | D:12     | Reached skill level 10 in Long Blades
 15424 | D:12     | Noticed a two-headed ogre
 15429 | D:12     | Killed a two-headed ogre
 15860 | D:12     | Reached skill level 13 in Invocations
 15862 | D:12     | Engulfed by a cloud of flame

Illustrated notes

Levels and vault maps discovered:
D:1:      dpeg_arrival_connections, layout_loops_ring, serial_shops,
          nicolae_shop_hallway_stairs, basic_ecumenical_altar, st_stairs_6,
          skrybe_limestone_x
D:2:      layout_loops_cross, serial_aquarium, aquarium_bridge_island_small
          [aquarium_subvault_small_open, aquarium_subvault_bridge,
          aquarium_subvault_bridge, aquarium_subvault_wall,
          aquarium_subvault_window], aquarium_window_1, aquarium_window_2,
          aquarium_window_corridor_3, aquarium_view_2d, aquarium_view_2b,
          aquarium_pool_split
D:3:      layout_basic, serial_bayou, serial_bayou_ford_a,
          serial_bayou_crossing, serial_bayou_pond_c, serial_bayou_shore_b,
          serial_bayou_pond_c, serial_bayou_lagoon_b, grunt_ministairs_15,
          minmay_misc_feat_enclosed, minmay_fractal_squares_gapless_5
D:4:      layout_cave_pods, gammafunk_ghost_arena, minmay_vboxes, uniq_edmund
D:5:      layout_basic, hangedman_decor_lopped, uniq_menkaure
D:6:      layout_rooms, mainiacjoe_overflow_24_doors,
          cheibrodos_sewer_entry_drain, serial_bayou_pond_a,
          chequers_serial_rivers_micro_b, ebering_dispersal_statue_hall,
          kennysheep_generic_room_4
D:7:      layout_loops_ring, minmay_temple_entry_crystal_x,
          nicolae_shop_sticking_my_neck_out
D:8:      layout_gridville
D:9:      layout_cross, fungi_pond_lemuel
D:10:     minmay_klotski, layout_rooms, minmay_lair_entry_grove, david_orc_3,
          uniq_nergalle
D:11:     layout_cave_pods, hangedman_abyss_or_decor_lesser_grid
D:12:     minmay_the_grid_octo_tiled_squarecenter
          [minmay_the_grid_octo_fan_narrow, minmay_the_grid_octo_chip,
          minmay_the_grid_octo_teeth, minmay_the_grid_octo_toaster,
          minmay_the_grid_square_5x5_megaprize_diamond,
          minmay_the_grid_square_5x5_two_walls_a,
          minmay_the_grid_square_5x5_comb,
          minmay_the_grid_square_5x5_spiral_small,
          minmay_the_grid_square_5x5_trominoes], layout_loops_cross,
          ebering_ghost_reflecting_pool, grunt_tough_drop
Temple:   mainiacjoe_temple_hex_bubbles

Skill      XL: |  1  2  3  4  5  6  7  8  9 10 11 12 |
---------------+-------------------------------------+-----
Invocations    | 1 2 3 4 6 7 9 10 12 13 | 13.0
Unarmed Combat | 3 4 5 6 7 8 |  8.1
Dodging        | 3 4 5 6 7 |  7.2
Armour         | 1 2 3 4 5 6 |  6.4
Fighting       | 4 5 6 7 8 10 | 10.6
Long Blades    | 1 4 7 9 10 | 10.6
Stealth        | |  1.7

Action                   |  1- 3 |  4- 6 |  7- 9 | 10-12 || total
-------------------------+-------+-------+-------+-------++-------
Melee: Unarmed           |   125 |   300 |       |    55 ||   480
       Punch             |     4 |    12 |     8 |    38 ||    62
       Falchion          |       |     2 |   278 |   649 ||   929
Invok: Heroism           |       |       |       |     7 ||     7
       Finesse           |       |       |       |     5 ||     5
  Use: Scroll            |       |     6 |       |     2 ||     8
       Potion            |       |       |       |     3 ||     3
 Stab: Sleeping          |     5 |     4 |     2 |     5 ||    16
       Distracted        |       |     1 |       |     1 ||     2
Armor: Robe              |    33 |    11 |       |       ||    44
       Scale mail        |       |    14 |       |       ||    14
       Ring mail         |       |    59 |    64 |       ||   123
       Steam dragon scal |       |       |   143 |   391 ||   534
Dodge: Dodged            |    77 |   141 |   280 |   597 ||  1095
       Repelled          |       |       |       |     1 ||     1
Block: Other             |     9 |    46 |    54 |   142 ||   251
